 Dungeon Crawl Stone Soup version 0.31.0-32-g396128a36d (webtiles) character file.

Game seed: 15298954613992005797

62 FallenXxXSky the Charlatan (level 3, -9/27 HPs)
             Began as a Demonspawn Artificer on Mar 27, 2024.
             Mangled by a sleepcap (14 damage)
             ... on level 3 of the Dungeon.
             The game lasted 00:02:31 (1514 turns).

FallenXxXSky the Charlatan (Demonspawn Artificer)   Turns: 1514, Time: 00:02:31

Health: -9/27      AC:  6    Str: 14    XL:     3   Next: 85%
Magic:  3/3        EV:  2    Int: 11    God:
Gold:   100        SH:  0    Dex: 13    Spells: 2/2 levels left

rFire   . . .        h - +0 whip
rCold   . . .        (no shield)
rNeg    . . .        q - +0 scale mail
rPois   +            (no helmet)
rElec   .            (no cloak)
rCorr   .            (no gloves)
SInv    .            (no boots)
Will    .....        o - amulet of the acrobat Stlth
                     g - ring of poison resistance
HPRegen 0.24/turn    (no ring)
MPRegen 0.08/turn

%: acrobat
@: sleeping
A: foul stench 1
a: no special abilities


You were on level 3 of the Dungeon.
You visited 1 branch of the dungeon, and saw 3 of its levels.

You collected 100 gold pieces.

Inventory:

Hand Weapons
 h - a +0 whip (weapon)
Armour
 q - a +0 scale mail (worn)
Jewellery
 g - a ring of poison resistance (left hand)
 o - an amulet of the acrobat (around neck)
Wands
 c - a wand of flame (13) (quivered)
 d - a wand of charming (15)
 e - a wand of iceblast (5)
Scrolls
 b - a scroll of noise {unknown}
 k - a scroll of brand weapon {unknown}
 l - a scroll of teleportation {unknown}
 m - 2 scrolls of butterflies
 n - a scroll of vulnerability {unknown}
 p - a scroll of poison {unknown}
Potions
 a - a potion of heal wounds {unknown}
 f - a potion of degeneration {unknown}
 i - 2 potions of curing {unknown}
 j - a potion of invisibility {unknown}


   Skills:
 + Level 2.3 Fighting
 + Level 1.6 Maces & Flails
 + Level 2.5 Armour
 - Level 0.8 Dodging
 - Level 0.8 Stealth
 - Level 3.0 Evocations


You had 2 spell levels left.
You didn't know any spells.
Your spell library contained the following spells:

 Spells                   Type           Power      Damage    Failure   Level
 Sting                    Conj/Alch      0%         1d3       83%         1
 Mercury Vapours          Alch/Air       0%         N/A       92%         2
 Olgreb's Toxic Radiance  Alch           0%         N/A       100%        4


Dungeon Overview and Level Annotations

Branches:
Dungeon (3/15)

Altars:


Innate Abilities, Weirdness & Mutations

You may rarely emit foul miasma when damaged in melee.


Message History

The sleepcap is lightly damaged.
The sleepcap closely misses you.
You hit the sleepcap.
The sleepcap is moderately damaged.
The sleepcap releases spores at you.
You hit the sleepcap but do no damage.
The sleepcap is moderately damaged.
The sleepcap releases spores at you.
You are engulfed in a cloud of soporific spores!
You fall asleep.
The sleepcap releases spores at you!
You wake up.
You hit the sleepcap.
The sleepcap is moderately damaged.
The sleepcap closely misses you.
You hit the sleepcap.
You punch the sleepcap, but do no damage.
The sleepcap is heavily damaged.
The sleepcap releases spores at you.
You hit the sleepcap.
The sleepcap is heavily damaged.
The sleepcap releases spores at you.
* * * LOW HITPOINT WARNING * * *
Aiming: Throw Flame
Press: ? - help, Shift-Dir - straight line, f - sleepcap
Aim: a sleepcap (heavily damaged, 100% to hit)
The puff of flame hits the sleepcap!
The sleepcap is almost destroyed.
The sleepcap releases spores at you but does no damage.
Aiming: Throw Flame
Press: ? - help, Shift-Dir - straight line, f/p - sleepcap
Aim: a sleepcap (almost destroyed, 100% to hit)
The puff of flame hits the sleepcap but does no damage.
The sleepcap is almost destroyed.
The sleepcap releases spores at you.
* * * LOW HITPOINT WARNING * * *
You are engulfed in a cloud of soporific spores!
You fall asleep.
The sleepcap releases spores at you!
Ouch! That really hurt!
You die...

.# .# .# #.# #.#
#########.# #.##...
......f@..# #.##..#
####
########..###...... ...
#######..).......# ###.
..>..........###.# #...
######...###.###.###...
##.....#............
#...................
##.....##.###.###...
##...###.# #.#####.


You could see a sleepcap.

Vanquished Creatures
  3 dart slugs
  A ribbon worm (D:2)
  4 ball pythons
  5 endoplasms
  A giant cockroach (D:1)
  6 goblins
  6 hobgoblins
  6 jackals
  3 bats
  2 frilled lizards (D:2)
  5 kobolds
  5 rats
47 creatures vanquished.

Notes
Turn   | Place    | Note
-------+----------+-------------------------------------------
     0 | D:1      | FallenXxXSky the Demonspawn Artificer began the quest for
                  | the Orb.
     0 | D:1      | Reached XP level 1. HP: 15/15 MP: 1/1
   153 | D:1      | Gained mutation: You may rarely emit foul miasma when
                  | damaged in melee. [demonic ancestry]
   153 | D:1      | Reached XP level 2. HP: 21/21 MP: 2/2
   261 | D:1      | Reached skill level 1 in Maces & Flails
   362 | D:1      | Found a faded altar of an unknown god.
   586 | D:1      | Reached XP level 3. HP: 24/27 MP: 3/3
  1514 | D:3      | Mangled by a sleepcap

Illustrated notes

Levels and vault maps discovered:
D:1:      ebering_trefoil_3fold, layout_basic,
          hellmonk_ecumenical_altar_pennies_from_heaven, grunt_decor_fettered
D:2:      layout_loops_ring, nicolae_twisty_statue_hallways
D:3:      layout_loops_ring

Skill      XL: |  1  2  3 |
---------------+----------+-----
Armour         | 2 |  2.5
Maces & Flails | 1 |  1.6
Fighting       | 2 |  2.3
Dodging        | |  0.8
Stealth        | |  0.8
Evocations     | |  3.0

Action                     || total
---------------------------++-------
  Melee: Whip              ||   219
         Club              ||    18
         Punch             ||     3
  Evoke: Wand              ||     2
    Use: Scroll            ||     2
 Armour: Ring mail         ||   121
         Scale mail        ||    31
  Dodge: Dodged            ||   136
